 Dungeon Crawl Stone Soup version 0.29.1-15-g9cfb28693d (webtiles) character file.

Game seed: 10120085923354689888

149 Renzlar the Shield-Bearer (level 5, -4/47 HPs)
             Began as a Gnoll Fighter on Mar 5, 2023.
             Was an Initiate of Okawaru.
             Splashed by a jelly's acid (8 damage)
             ... on level 4 of the Dungeon.
             The game lasted 00:07:14 (3218 turns).

Renzlar the Shield-Bearer (Gnoll Fighter)           Turns: 3218, Time: 00:07:15

Health: -4/47      AC: -2    Str: 17    XL:     5   Next: 31%
Magic:  7/7        EV:  9    Int:  8    God:    Okawaru [......]
Gold:   207        SH:  5    Dex: 11    Spells: 7/7 levels left

rFire   . . .      SeeInvis .   a - +1 war axe
rCold   . . .      Faith    .   g - +0 buckler
rNeg    . . .      Spirit   .   b - +0 scale mail
rPois   .          Reflect  .   (no helmet)
rElec   .          Harm     .   e - +0 cloak
rCorr   .          Rampage  .   (no gloves)
Will    .....                   (no boots)
Stlth   ..........              (no amulet)
HPRegen 0.15/turn               (no ring)
MPRegen 0.10/turn               (no ring)

@: corroded
A: fangs 1, strong nose, distributed training
a: Renounce Religion


You were on level 4 of the Dungeon.
You worshipped Okawaru.
Okawaru was noncommittal.
You visited 2 branches of the dungeon, and saw 5 of its levels.

You collected 207 gold pieces.

Inventory:

Hand Weapons
 a - a +1 war axe (weapon)
 c - a +0 sling
Missiles
 h - 5 poisoned darts
Armour
 b - a +0 scale mail (worn)
 e - a +0 cloak (worn)
 g - a +0 buckler (worn)
Jewellery
 i - a ring of fire
 l - a ring of protection from fire
Scrolls
 k - 3 scrolls of teleportation
Potions
 d - a potion of might
 f - a potion of heal wounds
 j - 2 potions of lignification
 m - 2 potions of flight {unknown}
 n - a potion of haste {unknown}
 o - a potion of curing {unknown}


   Skills:
 + Level 6.7 Fighting
 + Level 1.5 Short Blades
 + Level 1.5 Long Blades
 + Level 4.8 Axes
 + Level 1.5 Maces & Flails
 + Level 1.5 Polearms
 + Level 1.5 Staves
 + Level 1.5 Ranged Weapons
 + Level 1.5 Throwing
 + Level 6.7 Armour
 + Level 1.5 Dodging
 + Level 1.5 Stealth
 + Level 6.7 Shields
 + Level 1.5 Unarmed Combat
 + Level 1.5 Spellcasting
 + Level 1.2 Conjurations
 + Level 1.2 Hexes
 + Level 1.2 Summonings
 + Level 1.2 Necromancy
 + Level 1.2 Translocations
 + Level 1.2 Transmutations
 + Level 1.2 Fire Magic
 + Level 1.2 Ice Magic
 + Level 1.2 Air Magic
 + Level 1.2 Earth Magic
 + Level 1.2 Poison Magic
 + Level 1.7 Invocations
 + Level 1.5 Evocations


You had 7 spell levels left.
You didn't know any spells.
Your spell library contained the following spells:

 Spells                   Type           Power      Damage    Failure   Level
 Sting                    Tmut/Pois      8%         1d3       65%         1
 Poisonous Vapours        Pois/Air       4%         N/A       78%         2
 Corpse Rot               Necr/Pois/Air  2%         N/A       100%        4
 Olgreb's Toxic Radiance  Pois           2%         N/A       100%        4


Dungeon Overview and Level Annotations

Branches:
Dungeon (4/15)             Temple (1/1) D:4

Altars:
Ashenzari
Elyvilon
Gozag
Hepliaklqana
Nemelex Xobeh
Okawaru
Sif Muna
Zin
The Shining One


Innate Abilities, Weirdness & Mutations

You have very sharp teeth.
Your uncanny sense of smell can sniff out nearby items.
Your experience applies equally to all skills.


Message History

Found a mace.
o - a fuming cyan potion You open the door.
There is an open door here.
You open the door.
There is an open door here.
k - 3 scrolls of teleportation (gained 1)
A jelly comes into view.
You shoot a sling bullet. The sling bullet hits the jelly.
The jelly is moderately wounded.
The jelly jiggles.
a - a +1 war axe (weapon)
The jelly hits you but does no damage.
You barely miss the jelly.
The jelly is moderately wounded.
The jelly hits you. The acid corrodes you!
You are splashed with acid!
You completely miss the jelly. You bite the jelly, but do no damage.
The jelly is moderately wounded.
The jelly jiggles.
The jelly hits you.
You are splashed with acid!
You hit the jelly. The acid corrodes you!
Your hands burn!
You bite the jelly, but do no damage.
The jelly is heavily wounded.
You block the jelly's attack. The jelly hits you but does no damage.
You hit the jelly.
Your hands burn!
You bite the jelly, but do no damage.
The jelly is severely wounded.
You block the jelly's attack.
You hit the jelly but do no damage.
Your hands burn!
The jelly is severely wounded.
The jelly hits you.
You are splashed with acid!
* * * LOW HITPOINT WARNING * * *
Unknown command.
You hit the jelly but do no damage. The acid corrodes you!
Your hands burn!
* * * LOW HITPOINT WARNING * * *
You bite the jelly, but do no damage.
The jelly is severely wounded.
The jelly hits you.
* * * LOW HITPOINT WARNING * * *
The acid corrodes you!
You are splashed with acid!
You die...

######## #......#
##......# ........#
....#'#.#
....#.#.###########
....#.#.........@.#
....#.###########J#
....#.# .# #####.#
.# #...#.# .#
#...#.# .# #...#.#
## ....'.# ....###


You could see a jelly.

Vanquished Creatures
  A howler monkey (D:4)
  A jelly (D:4)
  2 adders (D:4)
  A worm (D:2)
  A dart slug (D:4)
  8 endoplasms
  6 giant cockroaches
  6 goblins
  5 hobgoblins
  5 kobolds
  5 quokkas
  4 ball pythons
  4 bats
  2 frilled lizards
  4 rats
55 creatures vanquished.

Vanquished Creatures (others)
  22 plants (D:1)
22 creatures vanquished.

Grand Total: 77 creatures vanquished

Notes
Turn   | Place    | Note
-------+----------+-------------------------------------------
     0 | D:1      | Renzlar the Gnoll Fighter began the quest for the Orb.
     0 | D:1      | Reached XP level 1. HP: 23/23 MP: 1/1
    14 | D:1      | Found a faded altar of an unknown god.
   233 | D:1      | Reached XP level 2. HP: 25/29 MP: 2/2
   614 | D:1      | Reached XP level 3. HP: 35/35 MP: 3/3
   799 | D:1      | Reached skill level 1 in Invocations
  1430 | D:2      | Reached skill level 1 in Short Blades
  1430 | D:2      | Reached skill level 1 in Long Blades
  1430 | D:2      | Reached skill level 1 in Maces & Flails
  1430 | D:2      | Reached skill level 1 in Polearms
  1430 | D:2      | Reached skill level 1 in Staves
  1430 | D:2      | Reached skill level 1 in Ranged Weapons
  1430 | D:2      | Reached skill level 1 in Throwing
  1430 | D:2      | Reached skill level 1 in Dodging
  1430 | D:2      | Reached skill level 1 in Stealth
  1430 | D:2      | Reached skill level 1 in Unarmed Combat
  1430 | D:2      | Reached skill level 1 in Spellcasting
  1430 | D:2      | Reached skill level 1 in Evocations
  2189 | D:3      | Reached XP level 4. HP: 41/41 MP: 5/5
  2452 | D:4      | Found a white marble altar of Elyvilon.
  2453 | D:4      | Found a glowing silver altar of Zin.
  2454 | D:4      | Found a glowing golden altar of the Shining One.
  2761 | D:4      | Reached skill level 1 in Conjurations
  2761 | D:4      | Reached skill level 1 in Hexes
  2761 | D:4      | Reached skill level 1 in Summonings
  2761 | D:4      | Reached skill level 1 in Necromancy
  2761 | D:4      | Reached skill level 1 in Translocations
  2761 | D:4      | Reached skill level 1 in Transmutations
  2761 | D:4      | Reached skill level 1 in Fire Magic
  2761 | D:4      | Reached skill level 1 in Ice Magic
  2761 | D:4      | Reached skill level 1 in Air Magic
  2761 | D:4      | Reached skill level 1 in Earth Magic
  2761 | D:4      | Reached skill level 1 in Poison Magic
  2774 | D:4      | Reached XP level 5. HP: 15/47 MP: 5/7
  2983 | D:4      | Found a staircase to the Ecumenical Temple.
  2991 | Temple   | Entered the Ecumenical Temple
  3079 | Temple   | Became a worshipper of Warmaster Okawaru
  3218 | D:4      | Splashed by a jelly's acid

Illustrated notes

Levels and vault maps discovered:
D:1:      roderic_crop_circles_arrival_small, layout_basic,
          hellmonk_ecumenical_altar_pennies_from_heaven, minmay_bisected
D:2:      layout_loops_corners, minmay_pentomino_q2
D:3:      layout_loops_ring
D:4:      layout_basic, good_gods_temple_1, minmay_temple_entry_crystal_x
Temple:   hellmonk_temple_flake

Skill      XL: |  1  2  3  4 |
---------------+-------------+-----
Invocations    | 1 |  1.7
Short Blades   | 1 |  1.5
Long Blades    | 1 |  1.5
Maces & Flails | 1 |  1.5
Polearms       | 1 |  1.5
Staves         | 1 |  1.5
Ranged Weapons | 1 |  1.5
Throwing       | 1 |  1.5
Dodging        | 1 |  1.5
Stealth        | 1 |  1.5
Unarmed Combat | 1 |  1.5
Spellcasting   | 1 |  1.5
Evocations     | 1 |  1.5
Conjurations   | 1 |  1.2
Hexes          | 1 |  1.2
Summonings     | 1 |  1.2
Necromancy     | 1 |  1.2
Translocations | 1 |  1.2
Transmutations | 1 |  1.2
Fire Magic     | 1 |  1.2
Ice Magic      | 1 |  1.2
Air Magic      | 1 |  1.2
Earth Magic    | 1 |  1.2
Poison Magic   | 1 |  1.2
Fighting       | |  6.7
Axes           | |  4.8
Armour         | |  6.7
Shields        | |  6.7

Action                   |  1- 3 |  4- 6 || total
-------------------------+-------+-------++-------
Melee: War axe           |    82 |    24 ||   106
       Bite              |     1 |     7 ||     8
 Fire: Sling             |    58 |    20 ||    78
  Use: Scroll            |     7 |     2 ||     9
Armor: Scale mail        |    27 |    15 ||    42
Dodge: Dodged            |    39 |    10 ||    49
Block: Buckler           |    29 |     8 ||    37
